 Dungeon Crawl Stone Soup version 0.31.0-9-g3a7656b989 (console) character file.

Game seed: 17497223756443405954

2411 AlterAsc the Grappler (level 9, 0/79 HPs)
             Began as an Octopode Shapeshifter on Jan 27, 2024.
             Succumbed to a killer bee's poison
             ... on level 6 of the Dungeon.
             The game lasted 00:17:20 (6810 turns).

AlterAsc the Grappler (Octopode Shapeshifter)       Turns: 6810, Time: 00:17:20

Health: 0/79       AC: 24    Str: 17    XL:     9   Next: 47%
Magic:  9/9        EV:  2    Int: 12    God:
Gold:   413        SH:  3    Dex: 12    Spells: 8/8 levels left

rFire   . .          .
                       - Unarmed
rCold   . . .        q - +0 buckler
rNeg    . . .        (helmet currently unavailable)
rPois   +            (no amulet)
rElec   .            (no ring)
rCorr   .            (no ring)
SInv    .            (no ring)
Will    .....        (no ring)
Stlth   +            (no ring)
HPRegen 0.33/turn    (no ring)
MPRegen 0.11/turn    (no ring)
                     (no ring)

%: no passive effects
@: lethally poisoned (0 -> -5), tree-form, attractive
A: stationary, stasis, torment immunity, boosted hp, almost no armour,
(amphibious), 8 rings, (camouflage 1), (gelatinous body 1), (nimble swimmer 1),
(tentacles)
a: no special abilities


You were on level 6 of the Dungeon.
You were a tree.
You visited 1 branch of the dungeon, and saw 7 of its levels.
You also visited: Sewer.

You collected 413 gold pieces.

Inventory:

Missiles
 d - 30 stones
 x - 16 poisoned darts (quivered)
 A - 4 boomerangs
Armour
 q - a +0 buckler (worn)
Jewellery
 w - a ring of wizardry
 B - a +6 ring of intelligence
Talismans
 b - a beast talisman
 c - a flux talisman
Wands
 l - a wand of mindburst (6)
 z - a wand of polymorph (5)
Scrolls
 e - a scroll of fear
 f - 4 scrolls of teleportation
 g - a scroll of immolation {unknown}
 j - 2 scrolls of brand weapon {unknown}
 k - 2 scrolls of poison {unknown}
 m - a scroll of identify {unknown}
 n - 3 scrolls of noise
 t - a scroll of amnesia {unknown}
 v - a scroll of enchant armour {unknown}
 y - a scroll of vulnerability {unknown}
Potions
 p - a potion of haste {unknown}
 r - 5 potions of enlightenment
 s - a potion of degeneration {unknown}
 u - a potion of berserk rage {unknown}


   Skills:
 - Level 1.0 Fighting
 - Level 2.0 Dodging
 + Level 12.7 Unarmed Combat
 - Level 3.0 Shapeshifting


You had 8 spell levels left.
You didn't know any spells.
Your spell library contained the following spells:

 Spells                   Type           Power      Damage    Failure   Level
 Cigotuvi's Dreadful Rot  Necr/Alch/Air  0%         N/A       54%         2
 Lesser Beckoning         Tloc           0%         N/A       54%         2
 Gell's Gravitas          Tloc           0%         N/A       78%         3
 Stone Arrow              Conj/Erth      0%         3d7       78%         3
 Summon Ice Beast         Ice/Summ       0%         N/A       78%         3
 Teleport Other           Tloc           0%         N/A       78%         3
 Dispel Undead            Necr           0%         3d6       99%         4
 Martyr's Knell           Necr/Summ      0%         N/A       99%         4
 Summon Mana Viper        Hex/Summ       0%         N/A       100%        5
 Death Channel            Necr           0%         N/A       100%        6
 Eringya's Noxious Bog    Alch           0%         4d6       100%        6
 Monstrous Menagerie      Summ           0%         N/A       100%        7
 Lehudib's Crystal Spear  Conj/Erth      0%         10d2      100%        8
 Animate Armour           Summ/Erth      Unusable   N/A       N/A         4

Dungeon Overview and Level Annotations

Branches:
Dungeon (7/15)              Sewer (visited)
 Temple: D:4-7

Altars:
Cheibriados
Kikubaaqudgha
Trog

Shops:
D:5 *   D:6 :


Innate Abilities, Weirdness & Mutations

You are a tree.
Your roots penetrate the ground, keeping you stationary.
You cannot be teleported.
You are immune to unholy pain and torment.
Your maximum health is greatly increased.
You cannot wear most types of armour.
((You are amphibious.))
You can wear up to eight rings at the same time.
((Your skin changes colour to match your surroundings (Stealth+).))
((Your rubbery body absorbs attacks. (AC +1, EV +1)))
((You are camouflaged when in or above water. (Stealth+)))
((You have tentacles for arms and can constrict up to eight enemies at once.))


Message History

You feel very sick. The killer bee stings you!
You feel sick. The killer bee stings you.
There is a stone staircase leading up here.
You tentacle-slap the killer bee but do no damage.
Your grab misses the killer bee. Your squeeze misses the killer bee.
The killer bee is heavily wounded.
You feel sick. The killer bee stings you!
You feel sick. The killer bee stings you!
* * * LOW HITPOINT WARNING * * *
You are more poisoned.
The killer bee poisons you! The killer bee closely misses you.
You climb upwards.
* * * LOW HITPOINT WARNING * * *
You feel very sick.
There is a stone staircase leading down here.
You tentacle-slap the killer bee. Your grab misses the killer bee.
The killer bee is almost dead.
* * * LOW HITPOINT WARNING * * *
You feel sick. The killer bee stings you.
* * * LOW HITPOINT WARNING * * *
The killer bee stings you.
* * * LOW HITPOINT WARNING * * *
Really quaff the potion of lignification?
Your transformation has ended.
You turn into a tree.
Your roots penetrate the ground.
* * * LOW HITPOINT WARNING * * *
You feel sick.
The killer bee stings you but does no damage. x2
You pummel the killer bee!!
You kill the killer bee!
* * * LOW HITPOINT WARNING * * *
You feel sick.
There is a lethal amount of poison in your body!
Okay, then.
Okay, then.
Unknown command.
It was a potion of attraction.
You feel attractive to monsters.
You die...

###.........####.#...........#
###.........# #.###########.#
..).........# #.# #.#
............# #.# #.#
###.........# #.# #.#
.....###.#### #.# #.# ######
#.# #.# #.# #.# #.# #.# # #.#
#.# #.# ########.#######.# #.#
................♣# #.#
########'#######.# #[# #
#...######.# #.# #
#...≈≈.≈≈#.# #.# #
#..≈≈≈.≈≈≈.# #.# #####
#..≈≈≈.≈≈≈.# #.# ....#
#..[..∩....###########.# ....#
#..≈≈≈.≈≈≈.##..........# ....#
#..≈≈≈.≈≈≈.##.########## #####
#...≈≈.≈≈..##.#
####...#####..##.#


There were no monsters in sight!

Vanquished Creatures
  Prince Ribbit (D:5)
  A wyvern (D:6)
  Sigmund (D:5)
  Edmund (D:5)
  Duvessa (D:6)
  2 ice beasts (D:6)
  A black bear (D:6)
  2 ogres
  2 kobold brigands
  A bullfrog (D:7)
  A scorpion (D:5)
  Dowan (D:6)
  3 killer bees
  A howler monkey (D:5)
  3 bombardier beetles
  3 hounds
  2 jellies
  An orc priest (D:7)
  3 iguanas
  Terence (D:3)
  An orc wizard (D:6)
  Ijyb (D:5)
  12 gnolls
  5 adders
  2 river rats (Sewer)
  A white imp (D:6)
  2 ufetubi
  2 dart slugs (D:2)
  2 ribbon worms
  16 orcs
  8 endoplasms
  8 giant cockroaches
  7 goblins
  5 hobgoblins
  7 jackals
  6 quokkas
  3 ball pythons
  2 bats (D:1)
  5 frilled lizards
  19 kobolds
  10 rats
156 creatures vanquished.

Vanquished Creatures (others)
  A human (D:6)
1 creature vanquished.

Grand Total: 157 creatures vanquished

Notes
Turn   | Place    | Note
-------+----------+-------------------------------------------
     0 | D:1      | AlterAsc the Octopode Shapeshifter began the quest for the
                  | Orb.
     0 | D:1      | Reached XP level 1. HP: 13/13 MP: 1/1
   174 | D:1      | Reached XP level 2. HP: 16/18 MP: 2/2
   360 | D:1      | Got the Atlas of Reagents
   660 | D:1      | Reached skill level 4 in Unarmed Combat
   984 | D:2      | Reached XP level 3. HP: 23/23 MP: 3/3
  1427 | D:2      | Reached XP level 4. HP: 28/28 MP: 4/4
  1467 | D:2      | Reached skill level 5 in Unarmed Combat
  2175 | D:3      | Reached XP level 5. HP: 33/33 MP: 5/5
  2488 | D:3      | Found a snail-covered altar of Cheibriados.
  2601 | D:3      | Noticed Terence
  2606 | D:3      | Killed Terence
  2607 | D:3      | Reached skill level 6 in Unarmed Combat
  2907 | D:4      | Reached XP level 6. HP: 38/38 MP: 6/6
  2963 | D:4      | Reached skill level 7 in Unarmed Combat
  3766 | D:5      | Entered Level 5 of the Dungeon
  3790 | D:5      | Reached XP level 7. HP: 43/43 MP: 7/7
  3803 | D:5      | Noticed Prince Ribbit
  3810 | D:5      | Killed Prince Ribbit
  3811 | D:5      | Reached skill level 8 in Unarmed Combat
  4215 | D:5      | Noticed Ijyb
  4221 | D:5      | Reached skill level 9 in Unarmed Combat
  4227 | D:5      | Killed Ijyb
  4366 | D:5      | Found a bloodstained altar of Trog.
  4409 | D:5      | Reached XP level 8. HP: 48/48 MP: 8/8
  4630 | D:5      | Noticed Edmund
  4637 | D:5      | Killed Edmund
  4736 | D:5      | Noticed Sigmund
  4749 | D:5      | Killed Sigmund
  4750 | D:5      | Reached skill level 10 in Unarmed Combat
  4892 | D:5      | Found Axtaqeph's General Store.
  4984 | D:6      | Found an ancient bone altar of Kikubaaqudgha.
  5094 | D:6      | Found Plog's Self-Improvement Boutique.
  5119 | D:6      | Noticed Duvessa
  5291 | D:6      | Found a glowing drain.
  5310 | Sewer    | Entered a sewer
  5571 | Sewer    | Found a white marble altar of Elyvilon.
  5628 | D:6      | Noticed a wyvern
  5871 | D:6      | Reached skill level 11 in Unarmed Combat
  5966 | D:6      | Reached XP level 9. HP: 53/53 MP: 9/9
  6064 | D:6      | Noticed Dowan
  6081 | D:6      | Killed Duvessa
  6147 | D:6      | Killed Dowan
  6301 | D:6      | Reached skill level 12 in Unarmed Combat
  6807 | D:6      | HP: 2/53 [killer bee (4)]
  6810 | D:6      | Succumbed to a killer bee's poison

Illustrated notes

Levels and vault maps discovered:
D:1:      wheals_arrival_shading, layout_basic
D:2:      layout_basic, nicolae_eternal_life, minmay_heptomino_o4,
          uniq_crazy_yiuf_cottage
D:3:      layout_rooms, slow_altar_1, uniq_terence
D:4:      layout_loops_corners, minmay_checkerbox
D:5:      layout_basic, mainiacjoe_overflow_24_doors, serial_shops,
          nicolae_shop_behind_doors, hangedman_abyss_or_decor_slice,
          uniq_edmund, uniq_prince_ribbit1, uniq_sigmund, uniq_ijyb
D:6:      layout_basic, tgw_kikubaaqudgha, portal_sewer_entry_f,
          nicolae_shop_self_help, uniq_duvessa
D:7:      layout_rooms, temple_statues, st_stairs_9, uniq_maggie

Skill      XL: |  1  2  3  4  5  6  7  8  9 |
---------------+----------------------------+-----
Unarmed Combat | 4 5 6 7 9 11 12 | 12.7
Fighting       | |  1.0
Dodging        | |  2.0
Shapeshifting  | |  3.0

Action                     |  1- 3 |  4- 6 |  7- 9 || total
---------------------------+-------+-------+-------++-------
  Melee: Unarmed           |    69 |   110 |   146 ||   325
         Constrict         |    18 |    28 |    23 ||    69
         Tentacles         |    11 |    25 |    28 ||    64
         Punch             |     1 |     4 |     6 ||    11
  Throw: Stone             |       |    21 |    10 ||    31
         Dart              |       |       |     5 ||     5
  Evoke: Wand              |       |     3 |    22 ||    25
    Use: Scroll            |       |     1 |     4 ||     5
         Potion            |       |       |     9 ||     9
   Stab: Sleeping          |     8 |     9 |     2 ||    19
 Armour: Skin              |    24 |    29 |   132 ||   185
  Dodge: Dodged            |    33 |    46 |    63 ||   142
  Block: Buckler           |       |       |    20 ||    20
